Islanders vs Sabres

Created - 15 janvier 2020 at 16:13

Goals
1 2 3 OT1 T
Islanders 0 1 0 0 1
Sabres 1 0 0 1 2
Shots
1 2 3 OT1 T
Islanders 14 7 17 0 38
Sabres 9 13 7 3 32

1st period

1. Sabres , Viktor Arvidsson 14 (Rickard Rakell 15, Paul Stastny 29) at 17:37

Penalties :
No Penalty

2nd period

2. Islanders , Vladimir Tarasenko 15 (Nicklas Backstrom 21, James Neal 9) at 6:42

Penalties :
Nicklas Backstrom (NYI) for Hooking (Minor) at 11:06, Erik Gudbranson (BUF) for Elbowing (Minor) at 17:42

3rd period

No Goal

Penalties :
Tyler Bozak (NYI) for Tripping (Minor) at 2:47

Overtime #1

3. Sabres , Rickard Rakell 18 (Viktor Arvidsson 26) at 3:06

Penalties :
No Penalty

Goalie Stats

Corey Crawford (NYI), 30 saves from 32 shots - (0,938), OTL, 14-10-7, 63:06 minutes
Martin Jones (BUF), 37 saves from 38 shots - (0,974), W, 12-13-1, 63:06 minutes

Players Stats for Islanders

Player Name              G  A  P  +/- PIM S  H  SB GA TA FO     MP     PP MP  PK MP  
------------------------------------------------------------------------------------
Alex Goligoski           0  0  0   0  0   0  1  0  0  0  0/0    25:05   1:00   2:33 
Brandon Saad             0  0  0  -1  0   2  4  2  1  0  0/1    18:40   1:01   2:06 
Brendan Leipsic          0  0  0   0  0   0  2  0  1  0  1/5    11:11   0:00   0:37 
Chris Mueller            0  0  0   0  0   3  0  0  0  0  1/1    14:24   1:01   1:15 
Cole Schneider           0  0  0   0  0   0  2  0  0  0  0/0     9:43   0:00   0:00 
Evan Rodrigues           0  0  0   0  0   2  0  0  0  1  0/0    13:00   0:00   0:39 
Jake Gardiner            0  0  0   0  0   0  0  2  0  0  0/0    17:02   1:00   0:00 
James Neal               0  1  1   0  0   4  0  0  0  0  0/0    11:47   0:00   1:13 
Jordie Benn              0  0  0   0  0   4  2  0  0  0  0/0    18:04   0:00   0:00 
Justin Schultz           0  0  0   0  0   0  1  1  0  0  0/0    16:37   0:00   1:47 
Kyle Palmieri            0  0  0  -1  0   1  5  0  1  0  2/3    19:26   0:58   0:00 
Mathew Dumba             0  0  0  -1  0   1  3  0  2  0  0/0    24:35   0:59   1:02 
Nicklas Backstrom        0  1  1   0  2   1  2  0  1  1  15/28  19:51   0:58   0:00 
Radek Faksa              0  0  0   0  0   3  2  1  0  0  3/6    14:27   0:00   2:06 
Ryan Murray              0  0  0   0  0   3  0  2  0  1  0/0    21:42   0:59   2:34 
Timo Meier               0  0  0   0  0   7  2  0  0  0  0/0    15:33   1:01   0:00 
Tyler Bozak              0  0  0   0  2   2  2  0  0  0  2/7    14:32   0:00   0:00 
Vladimir Tarasenko       1  0  1   0  0   5  4  0  1  0  1/1    19:38   0:58   0:00 

Players Stats for Sabres

Player Name              G  A  P  +/- PIM S  H  SB GA TA FO     MP     PP MP  PK MP  
------------------------------------------------------------------------------------
Andre Burakovsky         0  0  0   0  0   1  2  0  1  0  0/0    12:13   0:00   0:46 
Andrew Copp              0  0  0  -1  0   0  1  1  0  1  7/11   13:51   0:00   1:03 
Andrew MacDonald         0  0  0   1  0   0  0  1  0  1  0/0    16:30   0:00   1:06 
Clayton Keller           0  0  0   0  0   3  0  1  0  1  1/1    15:41   0:00   0:00 
Erik Gudbranson          0  0  0   1  2   3  0  1  0  0  0/0    16:27   0:55   0:00 
Filip Chlapik            0  0  0   0  0   5  2  0  0  0  5/7    10:59   0:00   0:00 
Filip Hronek             0  0  0   0  0   2  2  0  0  0  0/0    24:11   1:14   1:09 
Ivan Provorov            0  0  0   0  0   1  0  1  0  1  0/0    20:52   1:14   1:07 
Joonas Donskoi           0  0  0  -1  0   2  0  0  1  0  0/1    13:00   0:21   0:00 
Josh Anderson            0  0  0   0  0   1  0  2  0  1  0/1    17:25   2:07   0:00 
Kevin Hayes              0  0  0   0  0   2  1  2  0  0  4/10   18:51   1:51   0:31 
Kevin Shattenkirk        0  0  0   0  0   0  1  0  0  0  0/0    20:42   2:44   0:00 
Paul Stastny             0  1  1   1  0   1  1  0  0  0  8/12   18:48   1:46   0:34 
Rickard Rakell           1  1  2   2  0   4  4  0  0  0  1/4    17:41   1:30   0:00 
Roman Josi               0  0  0  -1  0   2  2  2  0  0  0/0    24:32   1:49   0:36 
Tyler Ennis              0  0  0   0  0   1  0  1  0  1  0/0    11:28   0:42   0:00 
Viktor Arvidsson         1  1  2   2  0   3  1  1  1  1  1/4    17:57   1:46   0:00 
Zach Hyman               0  0  0  -1  0   1  2  0  0  0  0/1    16:10   1:51   1:04 

3 Stars

1 - Martin Jones (BUF)
2 - Rickard Rakell (BUF)
3 - Viktor Arvidsson (BUF)

Power Play

Islanders - 0 on 1 Attempt(s) - 0,00%
Sabres - 0 on 3 Attempt(s) - 0,00%

Penalty Kill

Islanders - 3 on 3 Attempt(s) - 100,00% - Score 0 goal in Penalty Kill
Sabres - 1 on 1 Attempt(s) - 100,00% - Score 0 goal in Penalty Kill

Team Stat

Islanders - Hits : 32 - Faceoff Wins : 25 - Blocked Shots : 8 - Penalty Minutes : 4
Sabres - Hits : 19 - Faceoff Wins : 27 - Blocked Shots : 13 - Penalty Minutes : 2

Official

Referees : Tim Peel and Garrett Rank
Linesman : Devin Berg and Ryan Galloway

Game Notes

16:32 of 1st period - Penalty Shot by Jake Gardiner for Islanders - Stopped by Martin Jones

Finance

Level 1 -- Attendance: 4731 (78,85%) -- Ticket Income 473 100 $
Level 2 -- Attendance: 3564 (71,28%) -- Ticket Income 220 968 $
Level 3 -- Attendance: 993 (49,65%) -- Ticket Income 54 615 $
Level 4 -- Attendance: 2626 (65,65%) -- Ticket Income 78 780 $
Luxury Box -- Attendance: 991 (99,10%) -- Ticket Income 184 326 $
Game was played at the First Niagara Center.
Total Attendance: 12905 (71,69%)
Total Ticket Income: 1 011 789 $
Other Income: 495 777 $
Total Income: 1 507 566 $

Islanders

5 vs 5 Forward 
   Center                   Left Wing                Right Wing               Time % Phy DF OF 
 1 Nicklas Backstrom        Kyle Palmieri            Vladimir Tarasenko       40     1   2  2  
 2 Tyler Bozak              Brandon Saad             Timo Meier               30     1   2  2  
 3 Radek Faksa              Evan Rodrigues           Chris Mueller            20     1   2  2  
 4 Brendan Leipsic          James Neal               Cole Schneider           10     1   2  2  

5 vs 5 Defense 
   Defense                  Defense                                           Time % Phy DF OF 
 1 Alex Goligoski           Mathew Dumba                                      40     1   2  2  
 2 Ryan Murray              Jordie Benn                                       35     1   2  2  
 3 Jake Gardiner            Justin Schultz                                    25     1   2  2  
 4 Jake Gardiner            Mathew Dumba                                      0      1   2  2  

PowerPlay Forward 
   Center                   Left Wing                Right Wing               Time % Phy DF OF 
 1 Nicklas Backstrom        Kyle Palmieri            Vladimir Tarasenko       60     1   2  2  
 2 Chris Mueller            Brandon Saad             Timo Meier               40     1   2  2  

PowerPlay Defense
   Defense                  Defense                                           Time % Phy DF OF 
 1 Mathew Dumba             Ryan Murray                                       60     1   2  2  
 2 Alex Goligoski           Jake Gardiner                                     40     1   2  2  

Penalty Kill 4 Players Forward 
   Center                   Wing                     Time % Phy DF OF 
 1 Radek Faksa              Brandon Saad             60     1   2  2  
 2 Evan Rodrigues           Chris Mueller            40     1   2  2  

Penalty Kill 4 Players Defense
   Defense                  Defense                  Time % Phy DF OF 
 1 Alex Goligoski           Ryan Murray              60     1   2  2  
 2 Alex Goligoski           Justin Schultz           40     1   2  2  

Penalty Kill - 3 Players Forward 
   Forward                                           Time % Phy DF OF 
 1 Radek Faksa                                       60     1   2  2  
 2 Evan Rodrigues                                    40     1   2  2  

Penalty Kill - 3 Players Defense
   Defense                  Defense                  Time % Phy DF OF 
 1 Alex Goligoski           Ryan Murray              60     1   2  2  
 2 Justin Schultz           Jordie Benn              40     1   2  2  

4 vs 4 Forward 
   Center                   Wing                     Time % Phy DF OF 
 1 Evan Rodrigues           James Neal               60     1   2  2  
 2 Brendan Leipsic          Cole Schneider           40     1   2  2  

4 vs 4 Defense
   Defense                  Defense                  Time % Phy DF OF 
 1 Alex Goligoski           Mathew Dumba             60     1   2  2  
 2 Ryan Murray              Jordie Benn              40     1   2  2  

Last Minutes Offensive
   Center                   Left Wing                Right Wing               Defense                  Defense                  
   Nicklas Backstrom        Kyle Palmieri            Vladimir Tarasenko       Alex Goligoski           Mathew Dumba             

Last Minutes Defensive
   Center                   Left Wing                Right Wing               Defense                  Defense                  
   Radek Faksa              Evan Rodrigues           Brandon Saad             Jordie Benn              Ryan Murray              

Goaltenders
Starting : Corey Crawford           
Backup : Alex Stalock             

Extra Forwards
Normal : Radek Faksa, Evan Rodrigues, Chris Mueller - PP : Radek Faksa, Evan Rodrigues - PK : Chris Mueller
Extra Defensemen
Normal : Jake Gardiner, Justin Schultz, Alex Goligoski - PP : Jake Gardiner - PK : Justin Schultz, Alex Goligoski
Penalty Shots
Nicklas Backstrom, Vladimir Tarasenko, Kyle Palmieri, Brandon Saad, Timo Meier
Custom OT Lines Forwards
Nicklas Backstrom, Vladimir Tarasenko, Kyle Palmieri, Brandon Saad, Timo Meier, Tyler Bozak, Radek Faksa, Evan Rodrigues, Chris Mueller, James Neal
Custom OT Lines Defensemen
Alex Goligoski, Mathew Dumba, Ryan Murray, Jordie Benn, Jake Gardiner

Scratches
Will Butcher (Healthy)

Sabres

5 vs 5 Forward 
   Center                   Left Wing                Right Wing               Time % Phy DF OF 
 1 Paul Stastny             Viktor Arvidsson         Rickard Rakell           30     0   2  3  
 2 Kevin Hayes              Clayton Keller           Josh Anderson            27     0   2  3  
 3 Andrew Copp              Joonas Donskoi           Zach Hyman               23     0   2  3  
 4 Filip Chlapik            Andre Burakovsky         Tyler Ennis              20     0   3  2  

5 vs 5 Defense 
   Defense                  Defense                                           Time % Phy DF OF 
 1 Roman Josi               Filip Hronek                                      38     0   3  2  
 2 Ivan Provorov            Kevin Shattenkirk                                 35     0   3  2  
 3 Andrew MacDonald         Erik Gudbranson                                   27     0   3  2  
 4 Andrew MacDonald         Erik Gudbranson                                   0      0   3  2  

PowerPlay Forward 
   Center                   Left Wing                Right Wing               Time % Phy DF OF 
 1 Paul Stastny             Josh Anderson            Viktor Arvidsson         60     0   0  5  
 2 Kevin Hayes              Rickard Rakell           Zach Hyman               40     0   0  5  

PowerPlay Defense
   Defense                  Defense                                           Time % Phy DF OF 
 1 Roman Josi               Kevin Shattenkirk                                 59     0   1  4  
 2 Filip Hronek             Ivan Provorov                                     41     0   1  4  

Penalty Kill 4 Players Forward 
   Center                   Wing                     Time % Phy DF OF 
 1 Andrew Copp              Zach Hyman               65     0   4  1  
 2 Kevin Hayes              Josh Anderson            35     1   4  0  

Penalty Kill 4 Players Defense
   Defense                  Defense                  Time % Phy DF OF 
 1 Andrew MacDonald         Erik Gudbranson          65     0   5  0  
 2 Ivan Provorov            Roman Josi               35     0   5  0  

Penalty Kill - 3 Players Forward 
   Forward                                           Time % Phy DF OF 
 1 Andrew Copp                                       60     0   5  0  
 2 Kevin Hayes                                       40     0   5  0  

Penalty Kill - 3 Players Defense
   Defense                  Defense                  Time % Phy DF OF 
 1 Erik Gudbranson          Andrew MacDonald         60     0   5  0  
 2 Ivan Provorov            Roman Josi               40     0   5  0  

4 vs 4 Forward 
   Center                   Wing                     Time % Phy DF OF 
 1 Andrew Copp              Joonas Donskoi           50     1   1  3  
 2 Filip Chlapik            Andre Burakovsky         50     1   1  3  

4 vs 4 Defense
   Defense                  Defense                  Time % Phy DF OF 
 1 Andrew MacDonald         Filip Hronek             50     1   2  2  
 2 Roman Josi               Kevin Shattenkirk        50     1   2  2  

Last Minutes Offensive
   Center                   Left Wing                Right Wing               Defense                  Defense                  
   Paul Stastny             Viktor Arvidsson         Josh Anderson            Roman Josi               Ivan Provorov            

Last Minutes Defensive
   Center                   Left Wing                Right Wing               Defense                  Defense                  
   Kevin Hayes              Josh Anderson            Zach Hyman               Roman Josi               Ivan Provorov            

Goaltenders
Starting : Martin Jones             
Backup : James Reimer             

Extra Forwards
Normal : Joonas Donskoi, Zach Hyman, Rickard Rakell - PP : Tyler Ennis, Joonas Donskoi - PK : Paul Stastny
Extra Defensemen
Normal : Kevin Shattenkirk, Filip Hronek, Ivan Provorov - PP : Erik Gudbranson - PK : Filip Hronek, Ivan Provorov
Penalty Shots
Kevin Shattenkirk, Andrew MacDonald, Erik Gudbranson, Roman Josi, Andrew Copp
Custom OT Lines Forwards
Kevin Hayes, Paul Stastny, Viktor Arvidsson, Rickard Rakell, Clayton Keller, Zach Hyman, Josh Anderson, Andre Burakovsky, Tyler Ennis, Andrew Copp
Custom OT Lines Defensemen
Roman Josi, Filip Hronek, Ivan Provorov, Kevin Shattenkirk, Erik Gudbranson

Scratches
Rasmus Dahlin (Healthy), Pheonix Copley (Healthy)

% Time on Ice - Islanders

Lines # - Real PCT - Wanted PCT - Time Play
Normal Forward
1 - 34% - 40% - 18:38
2 - 26% - 30% - 13:55
3 - 22% - 20% - 11:47
4 - 18% - 10% - 9:43
Normal Defense
1 - 37% - 40% - 20:09
2 - 34% - 35% - 18:21
3 - 27% - 25% - 14:37
4 - 2% - 0% - 0:56
PP Forward
1 - 49% - 60% - 0:58
2 - 51% - 40% - 1:01
PP Defense
1 - 50% - 60% - 0:59
2 - 50% - 40% - 1:00
PK Forward
1 - 84% - 60% - 3:19
2 - 16% - 40% - 0:39
PK Defense
1 - 55% - 60% - 2:11
2 - 45% - 40% - 1:47
PK3 Forward
1 - 0% - 60%
2 - 0% - 40%
PK3 Defense
1 - 0% - 60%
2 - 0% - 40%
44 Forward
1 - 0% - 60%
2 - 0% - 40%
44 Defense
1 - 0% - 60%
2 - 0% - 40%
Last Minute Offensive  - 0:00
Last Minute Defensive  - 0:00
Total
Forward - 60:00
Defense - 60:00

% Time on Ice - Sabres

Lines # - Real PCT - Wanted PCT - Time Play
Normal Forward
1 - 29% - 30% - 15:32
2 - 28% - 27% - 15:02
3 - 23% - 23% - 12:30
4 - 20% - 20% - 10:59
Normal Defense
1 - 39% - 38% - 21:01
2 - 33% - 35% - 17:58
3 - 28% - 27% - 14:56
4 - 0% - 0% - 0:08
PP Forward
1 - 53% - 60% - 2:07
2 - 47% - 40% - 1:51
PP Defense
1 - 69% - 59% - 2:44
2 - 31% - 41% - 1:14
PK Forward
1 - 100% - 65% - 1:59
2 - 0% - 35% - 0:00
PK Defense
1 - 70% - 65% - 1:23
2 - 30% - 35% - 0:36
PK3 Forward
1 - 0% - 60%
2 - 0% - 40%
PK3 Defense
1 - 0% - 60%
2 - 0% - 40%
44 Forward
1 - 0% - 50%
2 - 0% - 50%
44 Defense
1 - 0% - 50%
2 - 0% - 50%
Last Minute Offensive  - 0:00
Last Minute Defensive  - 0:00
Total
Forward - 60:00
Defense - 60:00

Play-by-Play

1st period


0:01 of 1st period - Nicklas Backstrom wins face-off versus Paul Stastny in neutral zone.
0:04 of 1st period - Rickard Rakell is hit by Kyle Palmieri and loses puck.
0:27 of 1st period - Alex Goligoski is hit by Kevin Hayes and loses puck.
0:32 of 1st period - Snap shot by Clayton Keller.
0:32 of 1st period - Stopped by Corey Crawford without a rebound.
0:33 of 1st period - Clayton Keller wins face-off versus Radek Faksa in Islanders zone.
1:54 of 1st period - Josh Anderson is hit by Brandon Saad and loses puck.
2:01 of 1st period - Snap shot by Tyler Bozak.
2:01 of 1st period - Shot Blocked by Andrew MacDonald.
2:03 of 1st period - Slapshot by Jordie Benn.
2:03 of 1st period - Stopped by Martin Jones without a rebound.
2:04 of 1st period - Nicklas Backstrom wins face-off versus Andrew Copp in Sabres zone.
2:56 of 1st period - Snap shot by Radek Faksa.
2:56 of 1st period - Stopped by Martin Jones without a rebound.
2:57 of 1st period - Radek Faksa wins face-off versus Rickard Rakell in Sabres zone.
3:12 of 1st period - Snap shot by Radek Faksa.
3:12 of 1st period - Shot Misses the Net.
3:14 of 1st period - Wrist shot by Radek Faksa.
3:14 of 1st period - Shot Misses the Net.
3:16 of 1st period - Slapshot by Radek Faksa.
3:16 of 1st period - Deflect By Evan Rodrigues.
3:16 of 1st period - Stopped by Martin Jones without a rebound.
3:17 of 1st period - Nicklas Backstrom wins face-off versus Andrew Copp in Sabres zone.
3:30 of 1st period - Wrist shot by Vladimir Tarasenko.
3:30 of 1st period - Deflect By Kyle Palmieri.
3:30 of 1st period - Shot Misses the Net.
3:30 of 1st period - Puck is out of play.
3:31 of 1st period - Filip Chlapik wins face-off versus Nicklas Backstrom in Sabres zone.
3:38 of 1st period - Slapshot by Vladimir Tarasenko.
3:38 of 1st period - Shot Misses the Net.
3:42 of 1st period - Slapshot by Vladimir Tarasenko.
3:42 of 1st period - Stopped by Martin Jones with a rebound.
3:44 of 1st period - Snap shot by Kyle Palmieri.
3:44 of 1st period - Stopped by Martin Jones without a rebound.
3:45 of 1st period - Nicklas Backstrom wins face-off versus Zach Hyman in Sabres zone.
4:15 of 1st period - Off-side.
4:16 of 1st period - Paul Stastny wins face-off versus Brendan Leipsic in neutral zone.
4:31 of 1st period - Slapshot by Viktor Arvidsson.
4:31 of 1st period - Shot Blocked by Justin Schultz.
4:49 of 1st period - Wrist shot by Viktor Arvidsson.
4:49 of 1st period - Stopped by Corey Crawford with a rebound.
4:51 of 1st period - Slapshot by Erik Gudbranson.
4:51 of 1st period - Shot Misses the Net.
4:53 of 1st period - Slapshot by Erik Gudbranson.
4:53 of 1st period - Stopped by Corey Crawford with a rebound.
4:55 of 1st period - Slapshot by Erik Gudbranson.
4:55 of 1st period - Stopped by Corey Crawford without a rebound.
4:56 of 1st period - Filip Chlapik wins face-off versus Nicklas Backstrom in Islanders zone.
6:22 of 1st period - Slapshot by James Neal.
6:22 of 1st period - Stopped by Martin Jones without a rebound.
6:23 of 1st period - Nicklas Backstrom wins face-off versus Filip Chlapik in Sabres zone.
6:24 of 1st period - Wrist shot by Vladimir Tarasenko.
6:24 of 1st period - Shot Misses the Net.
6:32 of 1st period - Snap shot by Nicklas Backstrom.
6:32 of 1st period - Shot Blocked by Erik Gudbranson.
6:39 of 1st period - Icing by Andrew MacDonald.
6:40 of 1st period - Filip Chlapik wins face-off versus Tyler Bozak in Sabres zone.
7:05 of 1st period - Andrew MacDonald is hit by Alex Goligoski and loses puck.
7:12 of 1st period - Slapshot by Erik Gudbranson.
7:12 of 1st period - Stopped by Corey Crawford without a rebound.
7:13 of 1st period - Paul Stastny wins face-off versus Radek Faksa in Islanders zone.
7:14 of 1st period - Snap shot by Rickard Rakell.
7:14 of 1st period - Stopped by Corey Crawford with a rebound.
7:18 of 1st period - Backhand shot by Viktor Arvidsson.
7:18 of 1st period - Shot Misses the Net.
7:20 of 1st period - Wrist shot by Rickard Rakell.
7:20 of 1st period - Stopped by Corey Crawford without a rebound.
7:21 of 1st period - Chris Mueller wins face-off versus Viktor Arvidsson in Islanders zone.
8:39 of 1st period - Wrist shot by Radek Faksa.
8:39 of 1st period - Stopped by Martin Jones without a rebound.
8:40 of 1st period - Nicklas Backstrom wins face-off versus Andrew Copp in Sabres zone.
9:07 of 1st period - Ivan Provorov is hit by Brendan Leipsic and loses puck.
9:30 of 1st period - Slapshot by Timo Meier.
9:30 of 1st period - Stopped by Martin Jones with a rebound.
9:32 of 1st period - Snap shot by Ryan Murray.
9:32 of 1st period - Stopped by Martin Jones with a rebound.
9:34 of 1st period - Snap shot by Ryan Murray.
9:34 of 1st period - Shot Misses the Net.
10:00 of 1st period - Wrist shot by Clayton Keller.
10:00 of 1st period - Shot Misses the Net.
10:02 of 1st period - Slapshot by Andrew MacDonald.
10:02 of 1st period - Shot Blocked by Ryan Murray.
10:04 of 1st period - Slapshot by Erik Gudbranson.
10:04 of 1st period - Shot Blocked by Ryan Murray.
10:45 of 1st period - Roman Josi is hit by Timo Meier and loses puck.
11:10 of 1st period - Andre Burakovsky is hit by Cole Schneider and loses puck.
11:54 of 1st period - Andrew MacDonald is hit by Timo Meier and loses puck.
12:39 of 1st period - Kevin Hayes is hit by Radek Faksa and loses puck.
13:48 of 1st period - Andre Burakovsky is hit by Vladimir Tarasenko and loses puck.
14:01 of 1st period - Andrew MacDonald is hit by Mathew Dumba and loses puck.
14:10 of 1st period - Wrist shot by Chris Mueller.
14:10 of 1st period - Stopped by Martin Jones with a rebound.
14:12 of 1st period - Slapshot by Radek Faksa.
14:12 of 1st period - Deflect By Chris Mueller.
14:12 of 1st period - Stopped by Martin Jones without a rebound.
14:13 of 1st period - Nicklas Backstrom wins face-off versus Joonas Donskoi in Sabres zone.
14:14 of 1st period - Snap shot by Vladimir Tarasenko.
14:14 of 1st period - Shot Blocked by Andrew Copp.
15:53 of 1st period - Mathew Dumba is hit by Zach Hyman and loses puck.
16:00 of 1st period - James Neal is hit by Filip Hronek and loses puck.
16:13 of 1st period - Wrist shot by James Neal.
16:13 of 1st period - Stopped by Martin Jones with a rebound.
16:15 of 1st period - Slapshot by Ryan Murray.
16:15 of 1st period - Deflect By Filip Hronek.
16:15 of 1st period - Stopped by Martin Jones without a rebound.
16:16 of 1st period - Kevin Hayes wins face-off versus Nicklas Backstrom in Sabres zone.
16:16 of 1st period - Kevin Hayes is hit by Kyle Palmieri.
16:21 of 1st period - Off-side.
16:22 of 1st period - Kevin Hayes wins face-off versus Kyle Palmieri in neutral zone.
16:32 of 1st period - Penalty Shot by Jake Gardiner for Islanders.
16:32 of 1st period - Snap shot by Jake Gardiner.
16:32 of 1st period - Stopped by Martin Jones.
16:33 of 1st period - Kyle Palmieri wins face-off versus Paul Stastny in Islanders zone.
17:31 of 1st period - Wrist shot by Tyler Ennis.
17:31 of 1st period - Deflect By Filip Chlapik.
17:31 of 1st period - Shot Blocked by Jake Gardiner.
17:31 of 1st period - Puck is out of play.
17:32 of 1st period - Paul Stastny wins face-off versus Nicklas Backstrom in Islanders zone.
17:37 of 1st period - Snap shot by Viktor Arvidsson.
17:37 of 1st period - Goal by Viktor Arvidsson - Islanders : 0 - Sabres : 1.
17:38 of 1st period - Paul Stastny wins face-off versus Nicklas Backstrom in neutral zone.
17:55 of 1st period - Slapshot by Mathew Dumba.
17:55 of 1st period - Deflect By Ivan Provorov.
17:55 of 1st period - Stopped by Martin Jones with a rebound.
18:13 of 1st period - Slapshot by Josh Anderson.
18:13 of 1st period - Stopped by Corey Crawford with a rebound.
18:17 of 1st period - Snap shot by Clayton Keller.
18:17 of 1st period - Shot Misses the Net.
18:47 of 1st period - Cole Schneider is hit by Filip Chlapik and loses puck.
19:54 of 1st period - Icing by Kevin Shattenkirk.
19:55 of 1st period - Andrew Copp wins face-off versus Brendan Leipsic in Sabres zone.
Goals for this period are 0 for Islanders vs 1 for Sabres.
Shots for this period are 14 for Islanders vs 9 for Sabres.

2nd period


0:01 of 2nd period - Rickard Rakell wins face-off versus Nicklas Backstrom in neutral zone.
0:38 of 2nd period - Wrist shot by Timo Meier.
0:38 of 2nd period - Shot Misses the Net.
0:40 of 2nd period - Wrist shot by Brandon Saad.
0:40 of 2nd period - Shot Blocked by Josh Anderson.
0:56 of 2nd period - Snap shot by Filip Chlapik.
0:56 of 2nd period - Deflect By Tyler Ennis.
0:56 of 2nd period - Shot Misses the Net.
0:56 of 2nd period - Puck is out of play.
0:57 of 2nd period - Kyle Palmieri wins face-off versus Filip Chlapik in Islanders zone.
1:08 of 2nd period - Snap shot by Vladimir Tarasenko.
1:08 of 2nd period - Shot Blocked by Tyler Ennis.
1:14 of 2nd period - Snap shot by Vladimir Tarasenko.
1:14 of 2nd period - Stopped by Martin Jones with a rebound.
1:39 of 2nd period - Snap shot by Tyler Ennis.
1:39 of 2nd period - Stopped by Corey Crawford with a rebound.
1:43 of 2nd period - Wrist shot by Filip Chlapik.
1:43 of 2nd period - Shot Misses the Net.
1:55 of 2nd period - Slapshot by Filip Chlapik.
1:55 of 2nd period - Stopped by Corey Crawford with a rebound.
1:57 of 2nd period - Wrist shot by Filip Chlapik.
1:57 of 2nd period - Stopped by Corey Crawford with a rebound.
1:59 of 2nd period - Wrist shot by Filip Chlapik.
1:59 of 2nd period - Shot Blocked by Radek Faksa.
2:11 of 2nd period - Radek Faksa is hit by Andre Burakovsky and loses puck.
2:18 of 2nd period - Backhand shot by Filip Chlapik.
2:18 of 2nd period - Stopped by Corey Crawford with a rebound.
2:20 of 2nd period - Snap shot by Filip Chlapik.
2:20 of 2nd period - Stopped by Corey Crawford without a rebound.
2:21 of 2nd period - Paul Stastny wins face-off versus Nicklas Backstrom in Islanders zone.
3:35 of 2nd period - Paul Stastny is hit by Brandon Saad and loses puck.
5:03 of 2nd period - Wrist shot by Tyler Bozak.
5:03 of 2nd period - Stopped by Martin Jones with a rebound.
5:17 of 2nd period - Jordie Benn is hit by Paul Stastny and loses puck.
5:45 of 2nd period - Andre Burakovsky is hit by Radek Faksa and loses puck.
6:22 of 2nd period - Snap shot by Clayton Keller.
6:22 of 2nd period - Shot Blocked by Brandon Saad.
6:24 of 2nd period - Wrist shot by Clayton Keller.
6:24 of 2nd period - Stopped by Corey Crawford with a rebound.
6:42 of 2nd period - Wrist shot by Vladimir Tarasenko.
6:42 of 2nd period - Goal by Vladimir Tarasenko - Islanders : 1 - Sabres : 1.
6:43 of 2nd period - Nicklas Backstrom wins face-off versus Paul Stastny in neutral zone.
6:45 of 2nd period - Off-side.
6:46 of 2nd period - Nicklas Backstrom wins face-off versus Rickard Rakell in neutral zone.
7:57 of 2nd period - Wrist shot by Cole Schneider.
7:57 of 2nd period - Shot Misses the Net.
8:43 of 2nd period - Slapshot by Roman Josi.
8:43 of 2nd period - Deflect By Joonas Donskoi.
8:43 of 2nd period - Stopped by Corey Crawford with a rebound.
8:45 of 2nd period - Slapshot by Filip Hronek.
8:45 of 2nd period - Stopped by Corey Crawford without a rebound.
8:46 of 2nd period - Tyler Bozak wins face-off versus Andrew Copp in Islanders zone.
8:52 of 2nd period - Snap shot by Jordie Benn.
8:52 of 2nd period - Stopped by Martin Jones with a rebound.
8:54 of 2nd period - Slapshot by Tyler Bozak.
8:54 of 2nd period - Deflect By Brandon Saad.
8:54 of 2nd period - Shot Misses the Net.
8:54 of 2nd period - Puck is out of play.
8:55 of 2nd period - Andrew Copp wins face-off versus Tyler Bozak in Sabres zone.
9:06 of 2nd period - Snap shot by Tyler Bozak.
9:06 of 2nd period - Stopped by Martin Jones without a rebound.
9:07 of 2nd period - Nicklas Backstrom wins face-off versus Kevin Hayes in Sabres zone.
9:08 of 2nd period - Slapshot by Vladimir Tarasenko.
9:08 of 2nd period - Shot Misses the Net.
9:10 of 2nd period - Backhand shot by Kyle Palmieri.
9:10 of 2nd period - Shot Blocked by Roman Josi.
9:12 of 2nd period - Slapshot by Ryan Murray.
9:12 of 2nd period - Shot Blocked by Roman Josi.
9:24 of 2nd period - Filip Hronek is hit by Vladimir Tarasenko and loses puck.
9:39 of 2nd period - Wrist shot by Rickard Rakell.
9:39 of 2nd period - Shot Misses the Net.
9:41 of 2nd period - Slapshot by Filip Hronek.
9:41 of 2nd period - Stopped by Corey Crawford with a rebound.
10:07 of 2nd period - Wrist shot by Cole Schneider.
10:07 of 2nd period - Shot Blocked by Viktor Arvidsson.
10:35 of 2nd period - Chris Mueller is hit by Roman Josi and loses puck.
11:00 of 2nd period - Snap shot by Zach Hyman.
11:00 of 2nd period - Stopped by Corey Crawford with a rebound.
11:06 of 2nd period - Minor Penalty to Nicklas Backstrom for Hooking.
11:07 of 2nd period - Radek Faksa wins face-off versus Kevin Hayes in Islanders zone.
11:07 of 2nd period - Radek Faksa is hit by Zach Hyman.
11:30 of 2nd period - Icing by Paul Stastny.
11:31 of 2nd period - Radek Faksa wins face-off versus Viktor Arvidsson in Sabres zone.
13:06 of 2nd period - Penalty to Nicklas Backstrom is over, Nicklas Backstrom is back on ice.
13:15 of 2nd period - Slapshot by Kevin Hayes.
13:15 of 2nd period - Stopped by Corey Crawford with a rebound.
13:29 of 2nd period - Joonas Donskoi is hit by Vladimir Tarasenko and loses puck.
14:26 of 2nd period - Roman Josi is hit by Jordie Benn and loses puck.
14:30 of 2nd period - Icing by Zach Hyman.
14:31 of 2nd period - Andrew Copp wins face-off versus Tyler Bozak in Sabres zone.
14:52 of 2nd period - Snap shot by Clayton Keller.
14:52 of 2nd period - Shot Blocked by Jake Gardiner.
14:54 of 2nd period - Wrist shot by Kevin Hayes.
14:54 of 2nd period - Shot Misses the Net.
14:56 of 2nd period - Wrist shot by Kevin Hayes.
14:56 of 2nd period - Stopped by Corey Crawford with a rebound.
14:58 of 2nd period - Slapshot by Roman Josi.
14:58 of 2nd period - Stopped by Corey Crawford without a rebound.
14:59 of 2nd period - Nicklas Backstrom wins face-off versus Josh Anderson in Islanders zone.
15:51 of 2nd period - Radek Faksa is hit by Filip Chlapik and loses puck.
16:14 of 2nd period - Snap shot by Andrew Copp.
16:14 of 2nd period - Shot Blocked by Brandon Saad.
16:34 of 2nd period - Icing by Roman Josi.
16:35 of 2nd period - Nicklas Backstrom wins face-off versus Kevin Hayes in Sabres zone.
16:44 of 2nd period - Slapshot by Vladimir Tarasenko.
16:44 of 2nd period - Stopped by Martin Jones with a rebound.
16:48 of 2nd period - Snap shot by Vladimir Tarasenko.
16:48 of 2nd period - Stopped by Martin Jones with a rebound.
16:50 of 2nd period - Snap shot by Kyle Palmieri.
16:50 of 2nd period - Deflect By Vladimir Tarasenko.
16:50 of 2nd period - Shot Misses the Net.
16:50 of 2nd period - Puck is out of play.
16:51 of 2nd period - Paul Stastny wins face-off versus Tyler Bozak in Sabres zone.
17:42 of 2nd period - Minor Penalty to Erik Gudbranson for Elbowing.
17:43 of 2nd period - Andrew Copp wins face-off versus Nicklas Backstrom in Sabres zone.
17:43 of 2nd period - Andrew Copp is hit by Nicklas Backstrom.
19:41 of 2nd period - Andrew Copp is hit by Nicklas Backstrom.
19:42 of 2nd period - Penalty to Erik Gudbranson is over, Erik Gudbranson is back on ice.
Goals for this period are 1 for Islanders vs 0 for Sabres.
Shots for this period are 7 for Islanders vs 13 for Sabres.

3rd period


0:01 of 3rd period - Kevin Hayes wins face-off versus Nicklas Backstrom in neutral zone.
0:26 of 3rd period - Rickard Rakell is hit by Tyler Bozak and loses puck.
0:33 of 3rd period - Wrist shot by Timo Meier.
0:33 of 3rd period - Shot Misses the Net.
1:32 of 3rd period - Snap shot by Filip Chlapik.
1:32 of 3rd period - Stopped by Corey Crawford without a rebound.
1:33 of 3rd period - Nicklas Backstrom wins face-off versus Kevin Hayes in Islanders zone.
2:00 of 3rd period - Ryan Murray is hit by Kevin Shattenkirk.
2:24 of 3rd period - Slapshot by Ivan Provorov.
2:24 of 3rd period - Deflect By Justin Schultz.
2:24 of 3rd period - Stopped by Corey Crawford without a rebound.
2:25 of 3rd period - Andrew Copp wins face-off versus Nicklas Backstrom in Islanders zone.
2:28 of 3rd period - Snap shot by Joonas Donskoi.
2:28 of 3rd period - Stopped by Corey Crawford without a rebound.
2:29 of 3rd period - Nicklas Backstrom wins face-off versus Kevin Hayes in Islanders zone.
2:34 of 3rd period - Roman Josi is hit by Kyle Palmieri.
2:44 of 3rd period - Slapshot by Clayton Keller.
2:44 of 3rd period - Stopped by Corey Crawford without a rebound.
2:45 of 3rd period - Tyler Bozak wins face-off versus Viktor Arvidsson in Islanders zone.
2:47 of 3rd period - Minor Penalty to Tyler Bozak for Tripping.
2:48 of 3rd period - Viktor Arvidsson wins face-off versus Brandon Saad in Islanders zone.
3:13 of 3rd period - Kevin Shattenkirk is hit by Brandon Saad and loses puck.
3:28 of 3rd period - Kevin Shattenkirk is hit by Justin Schultz and loses puck.
4:47 of 3rd period - Penalty to Tyler Bozak is over, Tyler Bozak is back on ice.
4:53 of 3rd period - Vladimir Tarasenko is hit by Andre Burakovsky and loses puck.
5:51 of 3rd period - Brendan Leipsic is hit by Rickard Rakell.
6:14 of 3rd period - Filip Chlapik is hit by Kyle Palmieri and loses puck.
6:46 of 3rd period - Slapshot by Mathew Dumba.
6:46 of 3rd period - Shot Misses the Net.
7:25 of 3rd period - Snap shot by Nicklas Backstrom.
7:25 of 3rd period - Stopped by Martin Jones with a rebound.
7:37 of 3rd period - Evan Rodrigues is hit by Rickard Rakell and loses puck.
7:55 of 3rd period - Filip Chlapik is hit by Tyler Bozak and loses puck.
8:20 of 3rd period - Snap shot by Zach Hyman.
8:20 of 3rd period - Shot Misses the Net.
9:04 of 3rd period - Wrist shot by Timo Meier.
9:04 of 3rd period - Stopped by Martin Jones without a rebound.
9:05 of 3rd period - Kevin Hayes wins face-off versus Tyler Bozak in Sabres zone.
9:26 of 3rd period - Wrist shot by Brandon Saad.
9:26 of 3rd period - Shot Blocked by Josh Anderson.
9:28 of 3rd period - Slapshot by Timo Meier.
9:28 of 3rd period - Shot Blocked by Clayton Keller.
9:30 of 3rd period - Snap shot by Brandon Saad.
9:30 of 3rd period - Stopped by Martin Jones with a rebound.
9:32 of 3rd period - Wrist shot by Tyler Bozak.
9:32 of 3rd period - Shot Blocked by Kevin Hayes.
9:43 of 3rd period - Wrist shot by Tyler Bozak.
9:43 of 3rd period - Shot Misses the Net.
9:45 of 3rd period - Backhand shot by Ryan Murray.
9:45 of 3rd period - Deflect By Timo Meier.
9:45 of 3rd period - Stopped by Martin Jones with a rebound.
10:05 of 3rd period - Slapshot by Ryan Murray.
10:05 of 3rd period - Deflect By Timo Meier.
10:05 of 3rd period - Stopped by Martin Jones with a rebound.
10:30 of 3rd period - Slapshot by Ryan Murray.
10:30 of 3rd period - Stopped by Martin Jones with a rebound.
10:32 of 3rd period - Slapshot by Jordie Benn.
10:32 of 3rd period - Stopped by Martin Jones with a rebound.
10:34 of 3rd period - Snap shot by Timo Meier.
10:34 of 3rd period - Stopped by Martin Jones with a rebound.
10:36 of 3rd period - Slapshot by Jordie Benn.
10:36 of 3rd period - Shot Blocked by Kevin Hayes.
10:38 of 3rd period - Slapshot by Ryan Murray.
10:38 of 3rd period - Deflect By Timo Meier.
10:38 of 3rd period - Stopped by Martin Jones with a rebound.
10:40 of 3rd period - Wrist shot by Timo Meier.
10:40 of 3rd period - Stopped by Martin Jones with a rebound.
10:42 of 3rd period - Snap shot by Brandon Saad.
10:42 of 3rd period - Stopped by Martin Jones without a rebound.
10:43 of 3rd period - Paul Stastny wins face-off versus Nicklas Backstrom in Sabres zone.
10:49 of 3rd period - Viktor Arvidsson is hit by Kyle Palmieri and loses puck.
10:54 of 3rd period - Nicklas Backstrom is hit by Rickard Rakell and loses puck.
11:31 of 3rd period - Snap shot by James Neal.
11:31 of 3rd period - Stopped by Martin Jones without a rebound.
11:32 of 3rd period - Filip Chlapik wins face-off versus Brendan Leipsic in Sabres zone.
11:42 of 3rd period - Tyler Ennis is hit by Cole Schneider and loses puck.
12:28 of 3rd period - Slapshot by Evan Rodrigues.
12:28 of 3rd period - Stopped by Martin Jones with a rebound.
12:30 of 3rd period - Snap shot by Radek Faksa.
12:30 of 3rd period - Deflect By Chris Mueller.
12:30 of 3rd period - Stopped by Martin Jones without a rebound.
12:31 of 3rd period - Andrew Copp wins face-off versus Radek Faksa in Sabres zone.
13:21 of 3rd period - Wrist shot by Brendan Leipsic.
13:21 of 3rd period - Shot Blocked by Ivan Provorov.
13:23 of 3rd period - Slapshot by Jordie Benn.
13:23 of 3rd period - Stopped by Martin Jones without a rebound.
13:24 of 3rd period - Brendan Leipsic wins face-off versus Rickard Rakell in Sabres zone.
14:11 of 3rd period - Slapshot by Roman Josi.
14:11 of 3rd period - Shot Misses the Net.
14:13 of 3rd period - Slapshot by Roman Josi.
14:13 of 3rd period - Stopped by Corey Crawford with a rebound.
14:15 of 3rd period - Slapshot by Rickard Rakell.
14:15 of 3rd period - Shot Misses the Net.
14:17 of 3rd period - Slapshot by Roman Josi.
14:17 of 3rd period - Deflect By Viktor Arvidsson.
14:17 of 3rd period - Stopped by Corey Crawford with a rebound.
14:19 of 3rd period - Snap shot by Rickard Rakell.
14:19 of 3rd period - Stopped by Corey Crawford without a rebound.
14:20 of 3rd period - Vladimir Tarasenko wins face-off versus Kevin Hayes in Islanders zone.
14:33 of 3rd period - Josh Anderson is hit by Vladimir Tarasenko and loses puck.
14:46 of 3rd period - Josh Anderson is hit by Mathew Dumba and loses puck.
14:51 of 3rd period - Wrist shot by Evan Rodrigues.
14:51 of 3rd period - Shot Misses the Net.
14:53 of 3rd period - Wrist shot by Jordie Benn.
14:53 of 3rd period - Shot Misses the Net.
14:55 of 3rd period - Snap shot by Radek Faksa.
14:55 of 3rd period - Stopped by Martin Jones without a rebound.
14:56 of 3rd period - Andrew Copp wins face-off versus Nicklas Backstrom in Sabres zone.
16:31 of 3rd period - Snap shot by Brendan Leipsic.
16:31 of 3rd period - Shot Misses the Net.
16:33 of 3rd period - Snap shot by James Neal.
16:33 of 3rd period - Stopped by Martin Jones with a rebound.
16:41 of 3rd period - Kevin Hayes is hit by Brendan Leipsic and loses puck.
16:58 of 3rd period - Justin Schultz is hit by Filip Hronek and loses puck.
17:23 of 3rd period - Snap shot by Nicklas Backstrom.
17:23 of 3rd period - Shot Hit the Post.
18:33 of 3rd period - Paul Stastny is hit by Jordie Benn and loses puck.
19:08 of 3rd period - Filip Hronek is hit by Mathew Dumba.
19:12 of 3rd period - Alex Goligoski is hit by Andrew Copp and loses puck.
19:27 of 3rd period - Snap shot by Brandon Saad.
19:27 of 3rd period - Deflect By Brendan Leipsic.
19:27 of 3rd period - Shot Misses the Net.
19:27 of 3rd period - Puck is out of play.
19:28 of 3rd period - Filip Chlapik wins face-off versus Brendan Leipsic in Sabres zone.
19:35 of 3rd period - Jake Gardiner is hit by Roman Josi and loses puck.
19:42 of 3rd period - Roman Josi is hit by Brandon Saad and loses puck.
Goals for this period are 0 for Islanders vs 0 for Sabres.
Shots for this period are 17 for Islanders vs 7 for Sabres.

Overtime #1


0:01 of 1st overtime period - Nicklas Backstrom wins face-off versus Paul Stastny in neutral zone.
0:26 of 1st overtime period - Brandon Saad is hit by Rickard Rakell and loses puck.
2:29 of 1st overtime period - Snap shot by Josh Anderson.
2:29 of 1st overtime period - Shot Misses the Net.
2:31 of 1st overtime period - Snap shot by Josh Anderson.
2:31 of 1st overtime period - Deflect By Andre Burakovsky.
2:31 of 1st overtime period - Stopped by Corey Crawford without a rebound.
2:32 of 1st overtime period - Paul Stastny wins face-off versus Nicklas Backstrom in Islanders zone.
2:41 of 1st overtime period - Wrist shot by Paul Stastny.
2:41 of 1st overtime period - Stopped by Corey Crawford with a rebound.
2:59 of 1st overtime period - Brandon Saad is hit by Viktor Arvidsson and loses puck.
3:06 of 1st overtime period - Wrist shot by Rickard Rakell.
3:06 of 1st overtime period - Goal by Rickard Rakell - Islanders : 1 - Sabres : 2.
Goals for this period are 0 for Islanders vs 1 for Sabres.
Shots for this period are 0 for Islanders vs 3 for Sabres. Output by the SimonT Hockey Simulator (STHS) for Alexandre Lamarre - Original Page W3C HTML5 Valid
Hockey Simulator - Hockey Simulation - Hockey Manager